[ AOE2 MATCH · #506577740 ]
UnrankedGoths vs Italians
Player's team · WIN
Rival team · LOSS
[ REPLAY ANALYSIS · EXTRACTED FROM THE RECORDED GAME ]
Feudal
12:03
Castle
16:07
Imperial
—
| APM avg | 50.2 |
| APM peak | 84 |
| eAPM avg | 28.3 |
| Villagers / military | 194 / 190 |
Focus
⚔️ 37.9% · 🌾 62.1%
Huskarl ×135 · Battering Ram ×23 · Spearman ×21 · Monk ×3 · Militia ×3 · Mangonel ×3
Feudal
8:27
Castle
20:14
Imperial
33:38
| APM avg | 39.7 |
| APM peak | 68 |
| eAPM avg | 21.5 |
| Villagers / military | 151 / 106 |
Focus
⚔️ 36.5% · 🌾 63.5%
Archer ×57 · Monk ×26 · Genoese Crossbowman ×9 · Knight ×5 · Mangonel ×4 · Trebuchet (Packed) ×3
Match map
Initial resources + every placement click. Lines = walls · curves = elevation contours. ◆ gold · ⬟ stone · ● berries · ✦ relic · ◌ wall gap
Your base· ✓ Closed at 16:07 · 59t walls · no gate
cornonjakobe's base· ✓ Closed at 20:14 · 30t walls · no gate
Smoothed initial terrain · ◌ = detected wall gap · hover for details
Inputs per minute
— snowshawnskate - - cornonjakobe
Build order — snowshawnskate
First 150 of 634 actions detected
| 0:00 | Queue | Villager (Male) |
| 0:01 | Queue | Villager (Male) |
| 0:02 | Build | House |
| 0:03 | Build | House |
| 0:19 | Queue | Villager (Male) |
| 0:31 | Queue | Villager (Male) |
| 1:12 | Queue | Villager (Male) |
| 2:00 | Queue | Villager (Male) |
| 2:33 | Queue | Villager (Male) |
| 2:39 | Queue | Villager (Male) |
| 2:56 | Queue | Villager (Male) |
| 3:03 | Build | House |
| 3:18 | Queue | Villager (Male) |
| 3:27 | Build | Barracks |
| 4:06 | Queue | Villager (Male) |
| 4:13 | Queue | Militia |
| 4:15 | Build | House |
| 4:36 | Queue | Militia |
| 4:37 | Queue | Villager (Male) |
| 4:43 | Build | House |
| 4:45 | Build | Palisade Wall |
| 4:58 | Queue | Villager (Male) |
| 5:03 | Queue | Militia |
| 5:30 | Queue | Villager (Male) |
| 5:53 | Queue | Villager (Male) |
| 5:58 | Build | Lumber Camp |
| 6:03 | Queue | Villager (Male) |
| 6:53 | Queue | Villager (Male) |
| 7:10 | Build | Mill |
| 7:12 | Queue | Villager (Male) |
| 7:27 | Build | House |
| 7:27 | Build | House |
| 7:31 | Build | Palisade Wall |
| 7:45 | Queue | Villager (Male) |
| 7:52 | Build | Palisade Wall |
| 8:03 | Build | Palisade Wall |
| 8:05 | Build | Palisade Wall |
| 8:09 | Queue | Villager (Male) |
| 8:15 | Build | Palisade Wall |
| 8:17 | Queue | Villager (Male) |
| 8:21 | Build | Farm |
| 8:29 | Queue | Villager (Male) |
| 8:36 | Research | Loom |
| 8:38 | Queue | Villager (Male) |
| 8:39 | Build | House |
| 8:41 | Build | Palisade Wall |
| 9:28 | Queue | Villager (Male) |
| 9:31 | Build | Mining Camp |
| 9:36 | Build | Palisade Wall |
| 9:37 | Build | House |
| 9:43 | Build | Palisade Wall |
| 9:51 | Research | Feudal Age |
| 10:09 | Build | Palisade Wall |
| 10:54 | Build | Farm |
| 11:26 | Build | Farm |
| 11:59 | Queue | Villager (Male) |
| 12:03 | Age | Feudal Age |
| 12:08 | Build | Market |
| 12:12 | Queue | Villager (Male) |
| 12:24 | Build | Blacksmith |
| 12:39 | Build | Farm |
| 12:48 | Build | Farm |
| 13:01 | Build | Palisade Wall |
| 13:27 | Research | Castle Age |
| 13:27 | Research | Castle Age |
| 13:38 | Build | Palisade Wall |
| 13:46 | Build | Palisade Wall |
| 14:18 | Research | Double-Bit Axe |
| 16:07 | Age | Castle Age |
| 16:13 | Build | Town Center |
| 16:22 | Build | Town Center |
| 16:32 | Build | Town Center |
| 16:42 | Queue | Villager (Male) |
| 16:59 | Queue | Villager (Male) |
| 17:36 | Queue | Villager (Male) |
| 17:36 | Queue | Villager (Male) |
| 18:03 | Queue | Villager (Male) |
| 18:03 | Queue | Villager (Male) |
| 18:19 | Queue | Villager (Male) |
| 18:31 | Queue | Villager (Male) |
| 18:33 | Queue | Villager (Male) |
| 18:51 | Queue | Villager (Male) |
| 19:00 | Queue | Villager (Male) |
| 19:08 | Build | Siege Workshop |
| 19:22 | Queue | Villager (Male) |
| 19:22 | Queue | Villager (Male) |
| 19:22 | Queue | Villager (Male) |
| 19:26 | Queue | Villager (Male) |
| 19:46 | Build | Farm |
| 19:52 | Queue | Scorpion |
| 19:55 | Build | Farm |
| 20:20 | Build | Siege Workshop |
| 20:31 | Build | Town Center |
| 20:39 | Queue | Villager (Male) |
| 20:39 | Queue | Villager (Male) |
| 20:49 | Build | Farm |
| 21:10 | Queue | Villager (Male) |
| 21:11 | Queue | Villager (Male) |
| 21:30 | Queue | Scorpion |
| 21:32 | Queue | Villager (Male) |
| 21:42 | Queue | Villager (Male) |
| 21:44 | Build | Farm |
| 21:46 | Build | Farm |
| 21:50 | Build | Farm |
| 22:14 | Queue | Villager (Male) |
| 22:21 | Queue | Mangonel |
| 22:34 | Queue | Villager (Male) |
| 22:55 | Queue | Villager (Male) |
| 23:01 | Build | Farm |
| 23:05 | Build | Farm |
| 23:07 | Build | Farm |
| 23:07 | Queue | Villager (Male) |
| 23:36 | Queue | Villager (Male) |
| 23:39 | Build | Farm |
| 23:42 | Build | Farm |
| 23:44 | Build | Farm |
| 23:46 | Build | Farm |
| 23:47 | Build | Farm |
| 23:49 | Build | Farm |
| 23:58 | Build | Farm |
| 24:02 | Queue | Villager (Male) |
| 24:06 | Queue | Villager (Male) |
| 24:11 | Build | Farm |
| 24:28 | Build | Farm |
| 24:31 | Build | Farm |
| 24:34 | Queue | Villager (Male) |
| 24:37 | Queue | Villager (Male) |
| 24:45 | Build | Farm |
| 24:47 | Queue | Villager (Male) |
| 24:57 | Queue | Mangonel |
| 24:59 | Queue | Villager (Male) |
| 25:11 | Queue | Villager (Male) |
| 25:23 | Queue | Villager (Male) |
| 25:34 | Queue | Villager (Male) |
| 25:34 | Queue | Villager (Male) |
| 25:35 | Build | Farm |
| 25:39 | Queue | Villager (Male) |
| 25:43 | Build | House |
| 25:45 | Build | Palisade Wall |
| 25:56 | Queue | Villager (Male) |
| 26:09 | Queue | Villager (Male) |
| 26:13 | Queue | Villager (Male) |
| 26:35 | Queue | Villager (Male) |
| 26:35 | Queue | Villager (Male) |
| 26:45 | Queue | Villager (Male) |
| 26:46 | Build | Farm |
| 26:46 | Build | Farm |
| 26:51 | Build | Outpost |
| 26:56 | Build | Castle |
| 26:59 | Queue | Villager (Male) |
Build order — cornonjakobe
First 150 of 390 actions detected
| 0:01 | Queue | Villager (Male) |
| 0:02 | Build | House |
| 0:04 | Build | House |
| 0:16 | Queue | Villager (Male) |
| 0:16 | Queue | Villager (Male) |
| 0:16 | Queue | Villager (Male) |
| 1:24 | Queue | Villager (Male) |
| 1:47 | Build | Lumber Camp |
| 2:03 | Queue | Villager (Male) |
| 2:18 | Queue | Villager (Male) |
| 2:51 | Build | House |
| 2:53 | Queue | Villager (Male) |
| 3:19 | Queue | Villager (Male) |
| 3:45 | Queue | Villager (Male) |
| 4:05 | Queue | Villager (Male) |
| 4:37 | Queue | Villager (Male) |
| 4:40 | Queue | Villager (Male) |
| 5:04 | Build | Mining Camp |
| 5:21 | Queue | Villager (Male) |
| 5:40 | Queue | Villager (Male) |
| 5:44 | Research | Loom |
| 5:57 | Build | Palisade Wall |
| 5:58 | Build | Palisade Wall |
| 6:04 | Build | Palisade Wall |
| 6:12 | Build | Palisade Wall |
| 6:15 | Research | Feudal Age |
| 7:29 | Build | Barracks |
| 8:27 | Age | Feudal Age |
| 8:28 | Queue | Spearman |
| 8:30 | Queue | Villager (Male) |
| 8:36 | Build | House |
| 8:47 | Queue | Villager (Male) |
| 8:55 | Build | Archery Range |
| 8:59 | Queue | Villager (Male) |
| 9:20 | Research | Double-Bit Axe |
| 9:34 | Build | House |
| 9:39 | Queue | Archer |
| 9:51 | Queue | Villager (Male) |
| 9:53 | Queue | Archer |
| 10:22 | Queue | Villager (Male) |
| 10:25 | Build | Blacksmith |
| 10:43 | Build | Mill |
| 10:53 | Queue | Villager (Male) |
| 11:11 | Queue | Archer |
| 11:18 | Build | House |
| 11:20 | Queue | Villager (Male) |
| 11:25 | Build | Farm |
| 11:28 | Build | Farm |
| 11:53 | Queue | Villager (Male) |
| 12:01 | Build | Farm |
| 12:05 | Build | Farm |
| 12:18 | Queue | Villager (Male) |
| 12:20 | Build | Farm |
| 12:40 | Queue | Villager (Male) |
| 12:52 | Queue | Villager (Male) |
| 12:57 | Build | Farm |
| 12:59 | Build | Farm |
| 13:02 | Queue | Villager (Male) |
| 13:11 | Queue | Archer |
| 13:18 | Queue | Archer |
| 13:24 | Build | Farm |
| 13:31 | Build | House |
| 13:32 | Build | Palisade Wall |
| 13:39 | Queue | Villager (Male) |
| 13:41 | Queue | Archer |
| 14:00 | Queue | Villager (Male) |
| 14:09 | Queue | Villager (Male) |
| 14:12 | Build | Farm |
| 14:15 | Build | Farm |
| 14:32 | Queue | Villager (Male) |
| 14:35 | Build | Farm |
| 14:41 | Build | House |
| 14:44 | Queue | Villager (Male) |
| 15:00 | Build | Farm |
| 15:15 | Research | Fletching |
| 15:17 | Build | Farm |
| 15:23 | Queue | Villager (Male) |
| 15:47 | Queue | Villager (Male) |
| 16:07 | Build | House |
| 16:26 | Queue | Archer |
| 16:33 | Queue | Villager (Male) |
| 16:36 | Build | House |
| 16:37 | Build | Palisade Wall |
| 16:42 | Build | Palisade Wall |
| 16:45 | Queue | Archer |
| 16:55 | Build | Market |
| 17:34 | Research | Castle Age |
| 18:06 | Build | Archery Range |
| 18:08 | Queue | Archer |
| 18:34 | Queue | Archer |
| 18:34 | Queue | Archer |
| 18:41 | Build | House |
| 18:59 | Build | Farm |
| 19:13 | Build | House |
| 19:16 | Queue | Archer |
| 19:42 | Build | Palisade Wall |
| 19:47 | Build | House |
| 19:51 | Build | House |
| 19:53 | Queue | Villager (Male) |
| 20:03 | Queue | Archer |
| 20:14 | Age | Castle Age |
| 20:15 | Build | Siege Workshop |
| 20:18 | Research | Crossbowman (upgrade) |
| 20:20 | Research | Bodkin Arrow |
| 20:24 | Queue | Villager (Male) |
| 20:35 | Build | House |
| 20:48 | Queue | Villager (Male) |
| 20:58 | Queue | Archer |
| 21:05 | Queue | Battering Ram |
| 21:12 | Queue | Villager (Male) |
| 21:34 | Queue | Villager (Male) |
| 21:37 | Queue | Villager (Male) |
| 21:45 | Build | Lumber Camp |
| 21:49 | Queue | Archer |
| 21:49 | Queue | Archer |
| 21:52 | Build | Palisade Gate |
| 21:59 | Queue | Villager (Male) |
| 22:07 | Queue | Villager (Male) |
| 22:22 | Queue | Mangonel |
| 22:24 | Queue | Villager (Male) |
| 22:38 | Queue | Villager (Male) |
| 22:51 | Queue | Villager (Male) |
| 23:00 | Build | Mining Camp |
| 23:28 | Queue | Villager (Male) |
| 23:46 | Queue | Villager (Male) |
| 23:46 | Queue | Villager (Male) |
| 23:48 | Queue | Villager (Male) |
| 23:52 | Queue | Mangonel |
| 24:01 | Build | Town Center |
| 24:11 | Queue | Villager (Male) |
| 24:19 | Queue | Villager (Male) |
| 24:22 | Research | Bow Saw |
| 24:43 | Queue | Mangonel |
| 24:47 | Build | Outpost |
| 24:59 | Queue | Villager (Male) |
| 25:19 | Queue | Mangonel |
| 25:21 | Queue | Archer |
| 25:21 | Queue | Archer |
| 25:28 | Queue | Villager (Male) |
| 25:33 | Queue | Villager (Male) |
| 25:37 | Build | Farm |
| 25:38 | Build | Farm |
| 25:43 | Research | Wheelbarrow |
| 26:05 | Research | Town Watch |
| 26:08 | Queue | Villager (Male) |
| 26:13 | Queue | Villager (Male) |
| 26:27 | Queue | Villager (Male) |
| 26:30 | Build | House |
| 26:39 | Queue | Villager (Male) |
| 26:41 | Build | Farm |
Match timeline
| 3:27 | snowshawnskate · first_building Barracks |
| 4:45 | snowshawnskate · wall_segment Palisade Wall x1 |
| 5:57 | cornonjakobe · wall_segment Palisade Wall x1 |
| 5:58 | cornonjakobe · wall_segment Palisade Wall x1 |
| 6:04 | cornonjakobe · wall_segment Palisade Wall x1 |
| 6:12 | cornonjakobe · wall_segment Palisade Wall x1 |
| 7:29 | cornonjakobe · first_building Barracks |
| 7:31 | snowshawnskate · wall_segment Palisade Wall x8 |
| 7:52 | snowshawnskate · wall_segment Palisade Wall x4 |
| 8:03 | snowshawnskate · wall_segment Palisade Wall x6 |
| 8:05 | snowshawnskate · wall_segment Palisade Wall x11 |
| 8:15 | snowshawnskate · wall_segment Palisade Wall x7 |
| 8:27 | cornonjakobe · age_up feudal |
| 8:41 | snowshawnskate · wall_segment Palisade Wall x1 |
| 8:55 | cornonjakobe · first_building Archery Range |
| 9:36 | snowshawnskate · wall_segment Palisade Wall x1 |
| 9:43 | snowshawnskate · wall_segment Palisade Wall x7 |
| 10:09 | snowshawnskate · wall_segment Palisade Wall x5 |
| 12:03 | snowshawnskate · age_up feudal |
| 13:01 | snowshawnskate · wall_segment Palisade Wall x7 |
| 13:15 | snowshawnskate · first_market_sell 100 stone |
| 13:15 | snowshawnskate · first_market_buy 100 food |
| 13:32 | cornonjakobe · wall_segment Palisade Wall x1 |
| 13:38 | snowshawnskate · wall_segment Palisade Wall x7 |
| 13:46 | snowshawnskate · wall_segment Palisade Wall x1 |
| 16:07 | snowshawnskate · age_up castle |
| 16:37 | cornonjakobe · wall_segment Palisade Wall x1 |
| 16:42 | cornonjakobe · wall_segment Palisade Wall x12 |
| 19:08 | snowshawnskate · first_building Siege Workshop |
| 19:42 | cornonjakobe · wall_segment Palisade Wall x12 |
| 20:14 | cornonjakobe · age_up castle |
| 20:15 | cornonjakobe · first_building Siege Workshop |
| 20:56 | cornonjakobe · first_market_buy 100 wood |
| 21:41 | cornonjakobe · first_market_sell 100 food |
| 25:45 | snowshawnskate · wall_segment Palisade Wall x1 |
| 26:56 | snowshawnskate · first_building Castle |
| 27:14 | snowshawnskate · first_building Monastery |
| 27:59 | cornonjakobe · first_building Monastery |
| 28:41 | cornonjakobe · first_building Stable |
| 31:14 | cornonjakobe · first_building Castle |
| 33:38 | cornonjakobe · age_up imperial |
| 34:13 | snowshawnskate · wall_segment Palisade Wall x1 |
| 34:17 | snowshawnskate · wall_segment Palisade Wall x1 |
| 34:18 | snowshawnskate · wall_segment Palisade Wall x1 |
| 35:09 | snowshawnskate · first_building Archery Range |
| 37:26 | cornonjakobe · wall_segment Palisade Wall x1 |
| 37:27 | cornonjakobe · wall_segment Palisade Wall x1 |
| 48:24 | cornonjakobe · resign |
[ AI ANALYSIS · 1 CREDIT ]
What really happened in this match?
Wolo.gg analyzes every decision: build order, eco, micro, common mistakes by bracket. Personalized analysis on WhatsApp or Discord in 30 seconds.
Civ guide
Goths
Perfil
Jugador #1193732